 Dungeon Crawl Stone Soup version 0.31-a0-1005-gfbdfbacc72 (webtiles) character file.

Game seed: 15769200684491128290

113241 kae the Swashbuckler (level 16, -4/97 (120) HPs)
             Began as a Demonspawn Enchanter on Nov 10, 2023.
             Was the Champion of Dithmenos.
             Slain by a broodmother (17 damage)
             ... on level 1 of the Spider Nest.
             The game lasted 00:51:43 (28840 turns).

kae the Swashbuckler (Demonspawn Enchanter)        Turns: 28840, Time: 00:51:44

HP:   -4/97 (120)   AC: 20    Str: 23    XL:     16   Next: 13%
MP:   28/28         EV: 19    Int: 16    God:    Dithmenos [******]
Gold: 3792          SH: 10    Dex: 14    Spells: 18/31 levels left

rFire   . . .        a - +4 quick blade (venom) {rare}
rCold   . . .        A - +2 buckler
rNeg    . . .        c - +2 leather armour {rPois}
rPois   +            (no helmet)
rElec   .            w - +0 cloak
rCorr   .            (no gloves)
SInv    .            T - +1 pair of boots {Stlth+}
Will    +....        g - amulet of regeneration Stlth *+++++++++
                     O - +4 ring of protection
HPRegen 1.16/turn    S - +6 ring of strength
MPRegen 0.42/turn

%: repel missiles
@: lethally poisoned (-4 -> -20), wreathed by umbra, heavily drained
A: repulsion field 3, icemail 2, magic regeneration, condensation shield
a: Renounce Religion, Shadow Step, Shadow Form


You were on level 1 of the Spider Nest.
You worshipped Dithmenos.
Dithmenos was exalted by your worship.
You visited 4 branches of the dungeon, and saw 23 of its levels.
You also visited: Bailey and Volcano.

You collected 4081 gold pieces.
You spent 289 gold pieces at shops.


Innate Abilities, Weirdness & Mutations

You are surrounded by a strong repulsion field. (EV +4, RMsl)
A meltable icy envelope protects you from harm. (AC +8)
You regenerate magic rapidly.
A meltable shield of frost defends you. (SH +4)


   Skills:
 + Level 9.1 Fighting
 * Level 15.5 Short Blades
 + Level 8.6 Dodging
 + Level 12.5 Stealth
 + Level 2.5 Shields
 - Level 8.0 Spellcasting
 - Level 12.0 Hexes
 - Level 4.4 Ice Magic
 + Level 10.2 Invocations


You had 18 spell levels left.
You knew the following spells:

 Your Spells              Type           Power      Damage    Failure   Level
a - Ensorcelled Hibernat  Hex/Ice        64%        N/A       1%          2
b - Confusing Touch       Hex            44%        N/A       1%          3
c - Tukima's Dance        Hex            44%        N/A       1%          3
d - Dazzling Flash        Conj/Hex       50%        N/A       4%          3
e - Jinxbite              Hex            88%        N/A       1%          2

Your spell library contained the following spells:

 Spells                   Type           Power      Damage    Failure   Level
 Freeze                   Ice            80%        1d9       2%          1
 Frozen Ramparts          Ice            40%        1d7       8%          3
 Ozocubu's Armour         Ice            20%        N/A       8%          3
 Anguish                  Hex/Necr       12%        N/A       13%         4
 Fulminant Prism          Conj/Hex       12%        3d9       13%         4
 Apportation              Tloc           12%        N/A       16%         1
 Necrotise                Necr           24%        1d5       16%         1
 Sting                    Tmut/Pois      24%        1d4       16%         1
 Summon Small Mammal      Summ           24%        N/A       16%         1
 Metabolic Englaciation   Hex/Ice        16%        N/A       16%         5
 Hailstorm                Conj/Ice       13%        3d5       19%         3
 Blink                    Tloc           12%        N/A       24%         2
 Cigotuvi's Dreadful Rot  Necr/Pois/Air  12%        N/A       24%         2
 Lesser Beckoning         Tloc           12%        N/A       24%         2
 Momentum Strike          Conj/Tloc      12%        3d8       24%         2
 Poisonous Vapours        Pois/Air       12%        N/A       24%         2
 Static Discharge         Conj/Air       12%        3-4/arc   24%         2
 Silence                  Hex/Air        12%        N/A       36%         5
 Ignite Poison            Fire/Tmut/Pois 6%         N/A       43%         3
 Volatile Blastmotes      Fire/Tloc      12%        2d11      43%         3
 Summon Ice Beast         Ice/Summ       13%        N/A       54%         4
 Airstrike                Air            3%         2d(1-17)  83%         4
 Brom's Barrelling Bould  Conj/Erth      6%         2d3       83%         4
 Iskenderun's Mystic Bla  Conj/Tloc      6%         2d4       83%         4
 Olgreb's Toxic Radiance  Pois           6%         N/A       83%         4
 Petrify                  Tmut/Erth      6%         N/A       83%         4
 Summon Lightning Spire   Summ/Air       6%         N/A       83%         4
 Freezing Cloud           Conj/Ice/Air   5%         6-21      94%         5
 Agony                    Necr           6%         N/A       99%         5
 Fireball                 Conj/Fire      3%         3d4       99%         5
 Iskenderun's Battlesphe  Conj           6%         2d6       99%         5
 Summon Forest            Summ/Tloc      3%         N/A       99%         5
 Conjure Ball Lightning   Conj/Air       3%         3x3d6     100%        6
 Eringya's Noxious Bog    Tmut/Pois      3%         4d6       100%        6
 Simulacrum               Ice/Necr       6%         N/A       100%        6
 Orb of Destruction       Conj           3%         9d5       100%        7
 Ozocubu's Refrigeration  Ice            10%        4d9       100%        7
 Summon Hydra             Summ           3%         N/A       100%        7
 Discord                  Hex            22%        N/A       100%        8
 Ignition                 Fire           3%         3d4       100%        8

Inventory:

Hand Weapons
 a - a +4 quick blade of venom (weapon) {rare}
   (You found it on level 13 of the Dungeon)
Armour
 c - a +2 leather armour of poison resistance (worn)
   (You bought it in a shop on level 2 of the Orcish Mines)
 w - a +0 cloak (worn)
   (You found it on level 4 of the Dungeon)
 A - a +2 buckler (worn)
   (You took it off a tengu conjurer on level 15 of the Dungeon)
 G - +2 steam dragon scales
   (You found it on level 8 of the Dungeon)
 T - a +1 pair of boots of stealth (worn)
   (You found it on level 15 of the Dungeon)
Jewellery
 g - an amulet of regeneration (around neck)
   (You found it on level 10 of the Dungeon)
 v - a ring of see invisible
   (You found it on level 13 of the Dungeon)
 E - a +5 ring of evasion
   (You took it off a centaur on level 13 of the Dungeon)
 F - a ring of protection from fire
   (You found it on level 1 of the Dungeon)
 L - a ring of flight
   (You found it on level 14 of the Dungeon)
 N - a ring of positive energy
   (You found it on level 8 of the Dungeon)
 O - a +4 ring of protection (left hand)
   (You found it on level 9 of the Dungeon)
 S - a +6 ring of strength (right hand)
   (You found it on level 6 of the Dungeon)
 U - the ring of Qiew {+Blink rElec rF- SInv}
   (You found it on level 5 of the Lair of Beasts)

   [ring of see invisible]

   rF-:       It makes you vulnerable to fire.
   rElec:     It insulates you from electricity.
   SInv:      It lets you see invisible.
   +Blink:    It lets you blink.
 V - the ring of a Million Orbs {rCorr Dex+3}
   (You found it on level 2 of the Lair of Beasts)

   [ring of resist corrosion]

   Dex+3:     It affects your dexterity (+3).
   rCorr:     It protects you from acid and corrosion.
Wands
 l - a wand of digging (1)
   (You found it on level 4 of the Dungeon)
 r - a wand of flame (25)
   (You found it on level 2 of the Lair of Beasts)
 x - a wand of mindburst (11)
   (You took it off Maurice on level 10 of the Dungeon)
 y - a wand of roots (14)
   (You took it off Maggie on level 6 of the Dungeon)
 z - a wand of polymorph (23)
   (You found it on level 7 of the Dungeon)
 W - a wand of light (14)
   (You found it on level 1 of the Lair of Beasts)
Scrolls
 b - 4 scrolls of identify {@r1}
 h - 5 scrolls of vulnerability {!r!r}
 t - 3 scrolls of revelation
 u - 7 scrolls of teleportation {@r4}
 B - 3 scrolls of poison {!r}
 D - a scroll of blinking {!r}
 K - 2 scrolls of immolation {!r!r}
 M - 3 scrolls of fear
 P - 4 scrolls of fog
 R - 4 scrolls of silence {!r}
Potions
 d - 2 potions of lignification {!q}
 e - 8 potions of curing {@q1}
 i - a potion of ambrosia
 j - 5 potions of heal wounds {@q2}
 k - 5 potions of brilliance
 m - 3 potions of attraction {!q}
 n - 4 potions of haste {@q3}
 o - 2 potions of magic
 p - 5 potions of mutation {!q}
 s - 6 potions of might
 C - a potion of berserk rage {!q}
 J - 3 potions of enlightenment
 Q - a potion of invisibility

Dungeon Overview and Level Annotations

Branches:
Dungeon (15/15) Zot: 25384  Temple (0/1) D:7            Lair (5/5) D:8 Zot: 24854
  Swamp (0/4) Lair:3       Spider (1/4) Lair:3 Zot: 5558   Slime (0/5) Lair:5
    Orc (2/2) D:11 Zot: 10633     Elf (0/3) Orc:2        Vaults (0/5) D:13
 Depths (0/4) D:15         Bailey (visited)         Volcano (visited)

Altars:
Cheibriados
Dithmenos
Fedhas
Gozag
Kikubaaqudgha
Nemelex Xobeh
Okawaru
Qazlal
Trog
Uskayaw
Vehumet
Wu Jian
Xom
Jiyva

Shops:
D:6 (   D:8 *   D:11 (   D:14 [:   Orc:2 ***:

Annotations:
D:8 1 transporter
Lair:2 exclusion: 3 oklob plants
Lair:5 3 runed translucent doors, Tungsten's ghost, journeyman DrFE

## s #. ss #.# ..s ###
..#s. ##§###ss.
###########.s§#..#
#...#.#.##..s@#..#
##..........#sss##
###....#...#s§..#
#...###..#.##§§## ###
##...#...###...§# #.#
#.#.#.^#.####..# ..##
######...#†.#... ...#
#...#<..###.^
.##########........##..


You could see a broodmother (extremely poisoned), a culicivora, a jumping spider
(summoned) and 3 redbacks.


Message History

The redback barely misses you.
You hit the broodmother.
The broodmother looks as sick as possible!
You hit the broodmother.
The broodmother looks as sick as possible!
The culicivora completely misses you.
The broodmother summons spiders! 😮 HP[+1]
You hit the broodmother.
The broodmother looks as sick as possible!
You hit the broodmother but do no damage.
The broodmother looks as sick as possible!
The jumping spider disappears in a puff of smoke!
You block the culicivora's attack. The redback barely misses you.
The jumping spider leaps!
The redback bites you but does no damage. 😮 MP[+1]
Your mp is fully restored (28).
You hit the broodmother.
The broodmother looks as sick as possible!
You hit the broodmother but do no damage.
The broodmother looks as sick as possible!
The broodmother completely misses you. You block the redback's attack.
You block the culicivora's attack. 😮 HP[+1]
You hit the broodmother. x2
The broodmother looks as sick as possible!
Your shadow hits the broodmother but does no damage. x2
You block the redback's attack. The redback misses you.
The broodmother bites you but does no damage. 😮 HP[+1]
You hit the broodmother.
The broodmother looks as sick as possible!
You hit the broodmother.
The broodmother looks as sick as possible!
You block the culicivora's attack. You block the redback's attack.
You barely miss the broodmother. You hit the broodmother.
The broodmother looks as sick as possible!
Your shadow hits the broodmother with a quick blade. x2
You block the redback's attack.
The culicivora chitters at the broodmother.
The broodmother is healed somewhat.
The jumping spider leaps!
The broodmother bites you!
* * * LOW HITPOINT WARNING * * *
You emit a cloud of dark smoke.
The redback bites you.
* * * LOW HITPOINT WARNING * * *
You are poisoned.
The redback poisons you!
The jumping spider leaps!
You hear a faint skittering sound. 😨 HP[-21]
You take 21 damage, and now have 40/97 hp.
MASSIVE DAMAGE!! (PAUSE)
You hit the broodmother.
The broodmother looks as sick as possible!
You hit the broodmother but do no damage.
The broodmother looks as sick as possible!
Your shadow hits the broodmother with a quick blade. x2
* * * LOW HITPOINT WARNING * * *
You feel very sick. The redback barely misses you.
You block the broodmother's attack. 😨 HP[-5]
You take 5 damage, and now have 35/97 hp.
You hit the broodmother.
The broodmother looks as sick as possible!
You hit the broodmother.
* * * LOW HITPOINT WARNING * * *
You feel very sick. The redback closely misses you. x2
Unknown command. 😨 HP[-5]
You take 5 damage, and now have 30/97 hp.
You hit the broodmother. x2
* * * LOW HITPOINT WARNING * * *
You feel very sick. The redback bites you.
* * * LOW HITPOINT WARNING * * *
You block the broodmother's attack. You block the redback's attack. x2
Unknown command. 😱 HP[-8]
You take 8 damage, and now have 22/97 hp.
You barely miss the broodmother.
You hit the broodmother but do no damage.
The broodmother looks as sick as possible!
Your shadow hits the broodmother with a quick blade. x2
* * * LOW HITPOINT WARNING * * *
You feel very sick. The redback bites you.
* * * LOW HITPOINT WARNING * * *
😱 HP[-6]
You take 6 damage, and now have 16/97 hp.
Unknown command.
You hit the broodmother.
You hit the broodmother but do no damage.
The broodmother looks as sick as possible!
Your shadow hits the broodmother but does no damage.
Your shadow hits the broodmother with a quick blade.
* * * LOW HITPOINT WARNING * * *
You feel very sick. You block the redback's attack. The redback misses you.
The broodmother bites you!
You die...

Skill      XL: |  1  2  3  4  5  6  7  8  9 10 11 12 13 14 15 |
---------------+----------------------------------------------+-----
Short Blades   | 1 2 3 4 5 7 8 9 11 12 14 15 | 15.5
Stealth        | 3 4 5 6 7 8 9 10 11 12 | 12.5
Hexes          | 4 5 7 8 9 11 12 | 12.0
Ice Magic      | 1 2 3 4 |  4.4
Spellcasting   | 3 4 5 6 7 8 |  8.0
Invocations    | 4 6 8 10 | 10.2
Fighting       | 2 5 7 9 |  9.1
Dodging        | 2 5 6 8 |  8.6
Shields        | 2 |  2.5

Action                     |  1- 3 |  4- 6 |  7- 9 | 10-12 | 13-15 | 16-18 || total
---------------------------+-------+-------+-------+-------+-------+-------++-------
  Melee: Dagger            |   146 |   139 |   534 |   614 |  1374 |       ||  2807
         Punch             |     2 |     1 |     6 |     6 |    42 |       ||    57
         Quick blade       |       |       |       |       |   995 |   204 ||  1199
   Cast: Ensorcelled Hiber |     5 |    21 |   137 |   222 |   313 |    22 ||   720
         Confusing Touch   |       |     2 |     9 |    15 |    39 |     4 ||    69
         Dazzling Flash    |       |       |       |     1 |    10 |       ||    11
         Jinxbite          |       |       |       |       |     3 |       ||     3
 Invoke: Shadow Step       |       |       |       |     4 |     3 |       ||     7
         Shadow Form       |       |       |       |       |     2 |       ||     2
  Evoke: Wand              |       |     2 |     9 |     3 |    11 |       ||    25
    Use: Scroll            |     5 |     7 |     1 |    10 |     5 |     2 ||    30
         Potion            |       |     4 |     1 |     1 |     3 |       ||     9
   Stab: Sleeping          |    10 |    13 |    81 |   174 |   219 |     9 ||   506
         Paralysed         |       |     4 |     1 |       |       |       ||     5
         Confused          |       |       |     7 |    16 |    61 |     6 ||    90
         Invisible         |       |       |     4 |       |    70 |       ||    74
         Distracted        |       |       |       |       |     6 |       ||     6
         Petrified         |       |       |       |       |     9 |       ||     9
 Armour: Robe              |    71 |    58 |   195 |    52 |       |       ||   376
         Steam dragon scal |       |       |       |   220 |   764 |       ||   984
         Skin              |       |       |       |     5 |       |       ||     5
         Leather armour    |       |       |       |       |     1 |    92 ||    93
  Dodge: Dodged            |    89 |    93 |   274 |   335 |  1233 |    75 ||  2099
         Repelled          |       |       |       |       |     2 |       ||     2
  Block: Other             |    13 |    20 |    73 |    82 |   176 |       ||   364
         Buckler           |       |       |       |       |   154 |    64 ||   218

Levels and vault maps discovered:
D:1:      tekkud_arrival_beachfront_property, layout_basic, minmay_bisected
D:2:      layout_rooms, basic_altar
D:3:      layout_rooms, lemuel_coloured_pillars_altar,
          mainiacjoe_overflow_catch_the_wave, trog_book, glass_columns_b,
          st_stairs_8
D:4:      layout_layer_cave, jmf_multi_god_temple2, kennysheep_nub, uniq_duvessa
D:5:      minmay_general_purpose_star, layout_rooms, slow_altar_2, minitemple,
          hangedman_abyss_or_decor_passed
D:6:      lemuel_castle_with_subvaults [lemuel_castle_interior_original],
          layout_gridville, serial_shops, nicolae_shop_pleasant_corner_grove,
          uniq_maggie, uniq_blork_the_orc
D:7:      layout_cave_pods, lemuel_crystal_altar, minmay_temple_entry_offerings,
          kennysheep_small_square
D:8:      layout_cave_pools, grunt_nemelex_the_gamble,
          mainiacjoe_overflow_paths, due_lair_maze_entry_diamond,
          nicolae_shop_clearance
D:9:      layout_basic, serial_glass, glass_columns_b, glass_columns_a,
          nicolae_benzene_ring, roderic_batcave, st_stairs_1, uniq_psyche
D:10:     layout_long_grid, enter_bailey_2, uniq_maurice, uniq_grum, uniq_sonja
D:11:     layout_cross, david_orc_4, serial_shops, nicolae_shop_crystal,
          serial_glass, glass_columns_c, glass_columns_a, glass_columns_b,
          glass_columns_b, glass_columns_b, minmay_fountain_box, uniq_fannar
D:12:     layout_loops_ring, item_on_display_b
D:13:     giant_chief_lemuel, layout_gridville, david_vaults_1
D:14:     layout_basic, serial_shops, nicolae_shop_real_fake_doors,
          nicolae_shop_advertising_works [nicolae_subvault_shop_adworks],
          uniq_snorg
D:15:     hangedman_depths_entry_civil_slaughter, layout_loops_ring,
          minmay_misc_feat_nine_boxes, minmay_lindwurm_lava
Lair:1:   layout_big_grid, uniq_urug
Lair:2:   minmay_lair_oklob_tunnel, layout_regular_city, lemuel_oklob_altar
Lair:3:   layout_chaotic_city, skrybe_swamp_entry_bodies,
          nicolae_spider_entry_tight_spaces, enter_volcano_3
Lair:4:   layout_hall_layers, st_stairs_9
Lair:5:   grunt_lair_end_beastmaster, layout_regular_city,
          minmay_slime_entry_pillars, gammafunk_ghost_split
Spider:1: layout_spider_delve, nicolae_spider_swamp_cousins
Orc:1:    layout_caves, mines2_lemuel
Orc:2:    st_orc_mages, layout_diamond_mine, basic_altar, nicolae_orc_rockfall

Notes
Turn   | Place    | Note
-------+----------+-------------------------------------------
     0 | D:1      | kae the Demonspawn Enchanter began the quest for the Orb.
     0 | D:1      | Reached XP level 1. HP: 13/13 MP: 3/3
     0 | D:1      | magus.rc [v1.11.3]
    68 | D:1      | Reached skill level 1 in Short Blades
   163 | D:1      | Gained mutation: A meltable shield of frost defends you.
                  | (SH +4) [demonic ancestry]
   163 | D:1      | Reached XP level 2. HP: 11/19 MP: 5/5
   166 | D:1      | Learned a level 2 spell: Ensorcelled Hibernation
   823 | D:2      | Found a shadowy altar of Dithmenos.
   837 | D:2      | Became a worshipper of Dithmenos the Shadowed
   873 | D:2      | Reached XP level 3. HP: 14/24 MP: 6/6
   891 | D:2      | Reached skill level 3 in Stealth
   977 | D:2      | Identified the +2 buckler of Hoocequod {Str+3}
   991 | D:2      | You pick up a book of Storms and begin reading...
   991 | D:2      | You add the spells Static Discharge, Airstrike and Summon
                  | Lightning Spire to your library.
  1147 | D:2      | Reached * piety under Dithmenos
  1348 | D:3      | Identified the of Tinyqo
  1366 | D:3      | Reached skill level 2 in Short Blades
  1458 | D:3      | Identified the +4 short sword "Gytuva Egus" {antimagic,
                  | rElec rPois Str+2}
  1475 | D:3      | Found an ornate altar of the Wu Jian Council.
  1534 | D:3      | Found a shimmering altar of Xom.
  1549 | D:3      | Learned a level 3 spell: Confusing Touch
  1683 | D:3      | Reached XP level 4. HP: 30/30 MP: 7/7
  1757 | D:3      | HP: 7/30 [gnoll/+2 flail of protection (11)]
  1785 | D:3      | Reached skill level 4 in Hexes
  1875 | D:3      | Found a stormy altar of Qazlal.
  2082 | D:3      | Found a bloodstained altar of Trog.
  2267 | D:4      | Gained mutation: A meltable icy envelope protects you from
                  | harm. (AC +8) [demonic ancestry]
  2267 | D:4      | Reached XP level 5. HP: 15/35 MP: 8/8
  2324 | D:4      | Found a large runed translucent door.
  2324 | D:4      | Found a large runed translucent door.
  2348 | D:4      | You pick up a book of the Tundra and begin reading...
  2348 | D:4      | You add the spells Hailstorm, Summon Ice Beast and
                  | Simulacrum to your library.
  2378 | D:4      | Noticed Dowan
  2379 | D:4      | Noticed Duvessa
  2577 | D:4      | HP: 8/35 [Duvessa/+0 short sword (6)]
  2799 | D:4      | Reached skill level 1 in Ice Magic
  2839 | D:4      | Killed Duvessa
  2962 | D:3      | Killed Dowan
  2963 | D:3      | Reached skill level 3 in Short Blades
  2963 | D:3      | Reached XP level 6. HP: 41/41 MP: 10/10
  3109 | D:4      | You add the spells Summon Forest, Eringya's Noxious Bog and
                  | Summon Hydra to your library.
  3222 | D:4      | Noticed a sky beast
  3241 | D:4      | Killed a sky beast
  3242 | D:4      | Reached skill level 3 in Spellcasting
  3575 | D:4      | Found a blossoming altar of Fedhas.
  3581 | D:4      | Found a hide-covered altar of Uskayaw.
  3615 | D:5      | Entered Level 5 of the Dungeon
  3622 | D:4      | Reached ** piety under Dithmenos
  3655 | D:3      | HP: 6/41 [sleepcap (18)]
  3656 | D:3      | HP: 1/41 [sleepcap (5)]
  3662 | D:3      | Reached skill level 5 in Hexes
  3778 | D:4      | Reached XP level 7. HP: 46/46 MP: 6/11
  4034 | D:5      | Found a snail-covered altar of Cheibriados.
  4147 | D:5      | Reached skill level 2 in Ice Magic
  4268 | D:5      | Reached skill level 4 in Stealth
  4520 | D:5      | Reached skill level 4 in Short Blades
  4964 | D:5      | Identified the +7 great sword "Impbane" {venom, rN+}
  4998 | D:5      | Found a shadowy altar of Dithmenos.
  5000 | D:5      | Found an opulent altar of Gozag.
  5224 | D:5      | Learned a level 3 spell: Tukima's Dance
  5228 | D:5      | Learned a level 3 spell: Dazzling Flash
  5240 | D:6      | Noticed Blork the orc
  5247 | D:6      | Killed Blork the orc
  5330 | D:6      | Found Routuos's Weapon Boutique.
  5483 | D:6      | Reached XP level 8. HP: 36/52 MP: 4/13
  5857 | D:6      | Reached *** piety under Dithmenos
  5858 | D:6      | Reached skill level 6 in Hexes
  6003 | D:6      | Reached skill level 4 in Spellcasting
  6061 | D:6      | Reached skill level 5 in Short Blades
  6064 | D:6      | Noticed a kobold demonologist
  6089 | D:5      | Reached skill level 3 in Ice Magic
  6212 | D:6      | Noticed a hellwing
  6215 | D:6      | Noticed an ice devil
  6220 | D:6      | Killed a kobold demonologist
  6221 | D:6      | Reached skill level 5 in Stealth
  6665 | D:6      | Reached skill level 7 in Hexes
  6671 | D:6      | Noticed Maggie
  6673 | D:6      | Gained mutation: You are surrounded by a mild repulsion
                  | field. (EV +2) [demonic ancestry]
  6673 | D:6      | Reached XP level 9. HP: 56/57 MP: 5/15
  6801 | D:6      | Killed Maggie
  6829 | D:6      | Reached skill level 6 in Short Blades
  7028 | D:6      | Reached skill level 4 in Ice Magic
  7064 | D:6      | HP: 14/57 [something (3)]
  7069 | D:6      | HP: 11/57 [something (4)]
  7260 | D:6      | Reached skill level 5 in Spellcasting
  7349 | D:6      | Reached skill level 8 in Hexes
  7546 | D:6      | Reached skill level 6 in Stealth
  8166 | D:7      | You pick up a book of Frost and begin reading...
  8166 | D:7      | You add the spells Freeze and Frozen Ramparts to your
                  | library.
  8562 | D:7      | Reached skill level 7 in Short Blades
  8658 | D:7      | Found a staircase to the Ecumenical Temple.
  8668 | D:7      | You pick up a book of Blasting and begin reading...
  8668 | D:7      | You add the spells Volatile Blastmotes, Fulminant Prism and
                  | Iskenderun's Mystic Blast to your library.
  8675 | D:7      | Found an ancient bone altar of Kikubaaqudgha.
  8679 | D:7      | You add the spells Cigotuvi's Dreadful Rot, Ignite Poison
                  | and Freezing Cloud to your library.
  8882 | D:7      | Reached **** piety under Dithmenos
  9175 | D:7      | Gained mutation: You regenerate magic rapidly. [demonic
                  | ancestry]
  9175 | D:7      | Reached XP level 10. HP: 48/63 MP: 12/18
  9225 | D:7      | You pick up a book of Cantrips and begin reading...
  9225 | D:7      | You add the spells Necrotise, Summon Small Mammal and
                  | Apportation to your library.
  9503 | D:8      | Reached skill level 1 in Invocations
  9509 | D:7      | HP: 11/63 [yak (13)]
  9515 | D:7      | HP: 12/63 [yak (11)]
  9520 | D:7      | HP: 6/63 [poisoned by a killer bee]
  9859 | D:7      | Reached skill level 2 in Invocations
  9987 | D:8      | Reached skill level 9 in Hexes
 10168 | D:8      | Reached skill level 3 in Invocations
 10256 | D:8      | Found a staircase to the Lair.
 10425 | D:8      | Reached skill level 6 in Spellcasting
 10433 | D:8      | Reached skill level 8 in Short Blades
 10440 | D:8      | Reached skill level 7 in Stealth
 10577 | D:8      | You add the spells Ozocubu's Armour and Ozocubu's
                  | Refrigeration to your library.
 10607 | D:8      | Found Utzeixt's CLEARANCE SALE!.
 10615 | D:8      | Bought a potion of mutation for 32 gold pieces
 10708 | D:8      | Found a radiant altar of Vehumet.
 10759 | D:8      | Reached skill level 4 in Invocations
 10942 | D:8      | Found a sparkling altar of Nemelex Xobeh.
 10942 | D:8      | Found a transporter.
 10943 | D:8      | Noticed a red ugly thing
 11273 | D:9      | Reached ***** piety under Dithmenos
 11279 | D:9      | Reached XP level 11. HP: 68/68 MP: 16/20
 11491 | D:9      | Noticed Psyche
 11790 | D:9      | Reached skill level 10 in Hexes
 12001 | D:9      | Noticed a two-headed ogre
 12011 | D:9      | Killed a two-headed ogre
 12012 | D:9      | Reached skill level 5 in Invocations
 12269 | D:9      | Killed Psyche
 12379 | D:10     | Entered Level 10 of the Dungeon
 12555 | D:10     | Reached skill level 9 in Short Blades
 12624 | D:10     | Noticed a two-headed ogre
 12630 | D:10     | Noticed Sonja
 12633 | D:10     | Killed Sonja
 12648 | D:10     | Noticed Grum
 12649 | D:10     | Noticed Maurice
 12649 | D:10     | HP: 17/68 [centaur/arrow (10)]
 12650 | D:10     | Found a flagged portal.
 12739 | Bailey   | Entered a bailey
 12861 | Bailey   | Reached skill level 7 in Spellcasting
 12905 | Bailey   | Reached skill level 6 in Invocations
 13109 | Bailey   | Reached skill level 8 in Stealth
 13263 | Bailey   | Found an iron altar of Okawaru.
 13265 | Bailey   | Noticed an orc high priest
 13273 | Bailey   | Killed an orc high priest
 13276 | Bailey   | Reached skill level 11 in Hexes
 13514 | Bailey   | Acquired 947 gold pieces
 13556 | D:10     | Killed Grum
 13642 | D:10     | Maurice stole a ring of ice
 13643 | D:10     | Maurice stole 17 boomerangs
 13650 | D:10     | Killed Maurice
 13651 | D:10     | Gained mutation: A meltable icy envelope protects you from
                  | harm. (AC +8) [demonic ancestry]
 13651 | D:10     | Reached XP level 12. HP: 40/74 MP: 19/22
 14025 | D:10     | Killed a two-headed ogre
 14179 | D:11     | Found Iliacod's Antique Weapon Shoppe.
 14414 | D:11     | Found a staircase to the Orcish Mines.
 14481 | D:11     | Noticed Fannar
 14483 | D:11     | Noticed a centaur warrior
 14503 | D:11     | Killed Fannar
 14504 | D:11     | Reached skill level 10 in Short Blades
 14504 | D:11     | Reached skill level 7 in Invocations
 14509 | D:11     | Killed a centaur warrior
 14741 | D:11     | You pick up a book of the Senses and begin reading...
 14741 | D:11     | You add the spells Agony and Silence to your library.
 14822 | D:11     | You pick up a book of Dreams and begin reading...
 14822 | D:11     | You add the spells Jinxbite and Anguish to your library.
 14832 | D:11     | Learned a level 2 spell: Jinxbite
 15235 | D:12     | You add the spells Olgreb's Toxic Radiance, Ignition and
                  | Discord to your library.
 15630 | Lair:1   | Entered Level 1 of the Lair of Beasts
 15688 | Lair:1   | Noticed Urug
 15718 | Lair:1   | Reached skill level 1 in Fighting
 15718 | Lair:1   | Reached skill level 2 in Dodging
 15723 | Lair:1   | Killed Urug
 15724 | Lair:1   | Reached skill level 12 in Hexes
 15725 | Lair:1   | a +2 eveningstar of protection {rare}; a +0 scale mail; the
                  | orc corpse of Urug
 15871 | Lair:1   | Reached skill level 9 in Stealth
 15871 | Lair:1   | Reached skill level 8 in Spellcasting
 15915 | Lair:1   | Identified the +6 mace "Dimitu" {drain, rCorr Int+2 SInv}
 15952 | Lair:1   | Reached skill level 8 in Invocations
 16041 | Lair:1   | You pick up a book of Sloth and begin reading...
 16041 | Lair:1   | You add the spells Petrify and Metabolic Englaciation to
                  | your library.
 16127 | Lair:1   | Reached skill level 2 in Fighting
 16364 | Lair:2   | Identified the ring of a Million Orbs {rCorr Dex+3}
 16377 | Lair:2   | Found an iron altar of Okawaru.
 16383 | Lair:2   | Reached skill level 11 in Short Blades
 16428 | Lair:2   | Gained mutation: You are surrounded by a moderate repulsion
                  | field. (EV +3) [demonic ancestry]
 16428 | Lair:2   | Reached XP level 13. HP: 78/85 MP: 19/25
 16563 | Lair:2   | Reached ****** piety under Dithmenos
 16607 | Lair:2   | Reached skill level 3 in Dodging
 16874 | Lair:2   | Reached skill level 3 in Fighting
 17475 | Lair:3   | Reached skill level 9 in Invocations
 17537 | Lair:3   | Found a staircase to the Swamp.
 17675 | Lair:3   | Found a hole to the Spider Nest.
 17688 | Lair:3   | Reached skill level 4 in Dodging
 17779 | Lair:3   | Reached skill level 4 in Fighting
 17989 | Lair:3   | Found a dark tunnel.
 17998 | Volcano  | Entered a volcano
 18361 | Volcano  | Found a radiant altar of Vehumet.
 18459 | Lair:3   | Reached skill level 12 in Short Blades
 18914 | Lair:4   | Reached skill level 10 in Stealth
 19020 | Lair:4   | Reached skill level 10 in Invocations
 19074 | Lair:4   | Reached skill level 5 in Fighting
 19223 | Lair:4   | Reached skill level 5 in Dodging
 19249 | Lair:4   | Reached XP level 14. HP: 78/98 MP: 12/26
 19978 | Lair:5   | Entered Level 5 of the Lair of Beasts
 19981 | Lair:5   | Found a staircase to the Slime Pits.
 19981 | Lair:5   | Found a viscous altar of Jiyva.
 20410 | Lair:5   | Found a runed translucent gate.
 20598 | Lair:5   | Reached skill level 13 in Short Blades
 20721 | Lair:5   | Reached skill level 6 in Fighting
 20782 | Lair:5   | Reached skill level 6 in Dodging
 20884 | Lair:5   | Identified the ring of Qiew {+Blink rElec rF- SInv}
 21088 | Lair:5   | Found a runed translucent gate.
 21177 | Lair:5   | Found a runed translucent gate.
 21179 | Lair:5   | Noticed Tungsten's ghost (journeyman DrFE)
 21227 | Lair:5   | Reached skill level 11 in Stealth
 21761 | D:13     | Reached skill level 7 in Fighting
 22221 | D:13     | Reached skill level 14 in Short Blades
 22365 | D:13     | Found a gate to the Vaults.
 22519 | D:13     | Gained mutation: You are surrounded by a strong repulsion
                  | field. (EV +4, RMsl) [demonic ancestry]
 22519 | D:13     | Reached XP level 15. HP: 108/108 MP: 21/27
 22728 | D:13     | Reached skill level 7 in Dodging
 23459 | D:13     | Noticed a fire giant
 23512 | D:13     | Killed a fire giant
 23657 | D:13     | v - a +4 quick blade of venom {rare}
 23660 | D:13     | Identified the +6 hand axe "Qaruacvud" {protect, rElec
                  | Will+}
 23692 | D:13     | your +4 quick blade of venom {rare} begins to drip with
                  | poison!
 23692 | D:13     | v - a +4 quick blade of venom (weapon) {rare}
 23693 | D:13     | a - a +4 quick blade of venom (weapon) {rare}
 24068 | D:14     | Found Yrelocash's Armour Shop.
 24098 | D:14     | Found Gulewamu's Book Shoppe.
 24103 | D:14     | Reached skill level 8 in Fighting
 24442 | D:14     | HP: 20/110 [cyan ugly thing (17)]
 24742 | D:14     | Noticed Snorg
 24747 | D:14     | Killed Snorg
 24789 | D:14     | Reached skill level 12 in Stealth
 24832 | D:14     | You pick up a book of Spatial Translocations and begin
                  | reading...
 24832 | D:14     | You add the spells Blink, Momentum Strike and Lesser
                  | Beckoning to your library.
 24970 | D:15     | Entered Level 15 of the Dungeon
 25020 | D:15     | HP: 9/110 [red ugly thing (19)]
 25245 | D:15     | Reached skill level 8 in Dodging
 25322 | D:15     | You pick up a book of the Spheres and begin reading...
 25322 | D:15     | You add the spells Brom's Barrelling Boulder, Iskenderun's
                  | Battlesphere, Fireball, Conjure Ball Lightning and Orb of
                  | Destruction to your library.
 25390 | D:15     | Found a staircase to the Depths.
 25398 | D:15     | Reached skill level 15 in Short Blades
 25546 | D:15     | Found the +10 tower shield of Ignorance {rN+ Int-4}
 25559 | D:15     | You add the spells Sting and Poisonous Vapours to your
                  | library.
 25566 | D:15     | You pick up a book of Blasting and begin reading...
 25941 | D:15     | Reached skill level 1 in Shields
 25977 | D:15     | You pick up a book of Spatial Translocations and begin
                  | reading...
 26326 | Orc:1    | Entered Level 1 of the Orcish Mines
 26820 | Orc:2    | Entered Level 2 of the Orcish Mines
 27066 | Orc:2    | Found a staircase to the Elven Halls.
 27288 | Orc:2    | Found Ycla's Book Shop.
 27288 | Orc:2    | Found Limeyt's General Store.
 27348 | Orc:2    | Found Amoodups's General Store.
 27356 | Orc:2    | Reached skill level 2 in Shields
 27376 | Orc:2    | Paralysed by an orc sorcerer for 5 turns
 27393 | Orc:2    | Found Vaytoybe's General Store.
 27421 | Orc:2    | Bought a potion of berserk rage for 65 gold pieces
 27997 | Orc:2    | Bought a +2 leather armour of poison resistance for 192
                  | gold pieces
 28234 | Spider:1 | Entered Level 1 of the Spider Nest
 28290 | Spider:1 | Reached skill level 9 in Fighting
 28290 | Spider:1 | Reached XP level 16. HP: 102/105 MP: 25/28
 28316 | Spider:1 | HP: 4/103 [disintegration (31)]
 28632 | Spider:1 | HP: 19/103 [tyrant leech (9)]
 28838 | Spider:1 | HP: 22/97 [redback[a broodmother] (4)]
 28840 | Spider:1 | Slain by a broodmother

Vanquished Creatures
  A fire giant (D:13)
  Snorg (D:14)
  Fannar (D:11)
  2 ettins
  2 hydras
  A rakshasa (D:15)
  3 centaur warriors
  3 catoblepae
  A ghost crab (Spider:1)
  9 death yaks (Lair:5)
  4 two-headed ogres
  2 ogre magi (D:13)
  2 tengu warriors (D:15)
  A deep troll shaman (Lair:5)
  A titan zombie (D:13)
  Urug (Lair:1)
  3 orc high priests
  Sonja (D:10)
  A skyshark (Lair:5)
  A salamander mystic (Lair:3)
  2 pharaoh ants
  A bog body (Lair:3)
  3 orb spiders (Spider:1)
  A steelbarb worm (Spider:1)
  5 lindwurms
  A deep troll (D:15)
  2 deep elf pyromancers (D:15)
  3 orc knights
  2 necromancers (D:13)
  A deep elf zephyrmancer (D:13)
  3 stone giant zombies (D:13)
  3 wolf spiders (Spider:1)
  17 cyclopes
  10 ugly things
  A salamander (Volcano)
  4 orc sorcerers (Orc:2)
  2 oklob plants (Lair:2)
  3 manticores
  23 elephants
  7 black mambas
  A black mamba (shapeshifter) (D:15)
  Maurice (D:10)
  A torpor snail (Lair:5)
  2 unseen horrors (D:12)
  10 cane toads
  2 kobold demonologists
  10 komodo dragons
  Psyche (D:9)
  3 rime drakes
  An efreet (D:15)
  Maggie (D:6)
  2 tengu conjurers
  14 trolls
  A tyrant leech (Spider:1)
  6 polar bears (Lair:5)
  5 tarantellas (Spider:1)
  3 blink frogs (Lair:5)
  4 culicivoras
  22 slime creatures
  4 dream sheep (Lair:5)
  A shadow (D:12)
  2 jumping spiders (Lair:3)
  3 wraiths
  69 yaks
  A fire elemental (D:13)
  6 wyverns
  A steam dragon (D:8)
  Grum (D:10)
  5 basilisks
  5 fire bats (Volcano)
  7 redbacks
  6 vampire mosquitoes (Spider:1)
  9 wargs
  20 water moccasins
  2 hell hounds (Lair:3)
  Duvessa (D:4)
  33 orc warriors
  A sky beast (D:4)
  3 black bears
  32 wolves
  4 boggarts (D:15)
  13 centaurs
  10 ogres
  A kobold brigand (D:5)
  19 bullfrogs
  Blork the orc (D:6)
  5 gnoll sergeants
  A scorpion (D:7)
  8 wights (D:8)
  Dowan (D:3)
  11 killer bees
  10 howler monkeys
  2 electric eels (Bailey)
  6 lava snakes (Volcano)
  32 orc priests
  7 hounds
  2 gnoll boudas (D:6)
  4 jellies
  An iguana (D:6)
  3 sleepcaps
  45 orc wizards
  4 hell rats (Lair:2)
  A mummy (D:5)
  25 gnolls
  9 adders
  A shadow imp (D:5)
  A white imp (D:6)
  4 ufetubi
  4 worms
  5 dart slugs
  95 orcs
  8 endoplasms
  5 giant cockroaches
  9 goblins
  A hobgoblin (Bailey)
  5 jackals
  4 quokkas
  9 ball pythons
  16 bats
  7 frilled lizards
  6 kobolds
  3 rats
845 creatures vanquished.

Vanquished Creatures (others)
  3 tyrant leeches (Spider:1)
  A boggart (D:15)
  An orc priest (Orc:2)
  5 orc wizards
10 creatures vanquished.

Grand Total: 855 creatures vanquished

Table legend:
 A = Non-vault XP
 B = Vault XP
 C = Vault XP percentage of total XP
 D = Non-vault monster count
 E = Vault monster count
 F = Vault count percentage of total count
                 A         B        C        D         E       F
            +---------+---------+-------+---------+---------+-------
      Total |   96411 |   65363 |  40.4 |     543 |     305 |  36.0
            +---------+---------+-------+---------+---------+-------
        D:1 |      35 |       2 |   5.4 |      18 |       2 |  10.0
        D:2 |      39 |       0 |   0.0 |      21 |       0 |   0.0
        D:3 |     143 |      74 |  34.1 |      24 |       2 |   7.7
        D:4 |     325 |     114 |  26.0 |      22 |       3 |  12.0
        D:5 |     477 |     215 |  31.1 |      30 |       7 |  18.9
        D:6 |     216 |    3346 |  93.9 |      15 |      52 |  77.6
        D:7 |    1720 |     480 |  21.8 |      29 |       4 |  12.1
        D:8 |    2246 |     899 |  28.6 |      25 |       7 |  21.9
        D:9 |    3399 |     657 |  16.2 |      16 |      11 |  40.7
       D:10 |    3958 |    1877 |  32.2 |      27 |       7 |  20.6
       D:11 |    4541 |    1742 |  27.7 |      17 |      19 |  52.8
       D:12 |    5402 |     115 |   2.1 |      25 |       1 |   3.8
       D:13 |    2257 |   19317 |  89.5 |      12 |      39 |  76.5
       D:14 |    8045 |     956 |  10.6 |      24 |       1 |   4.0
       D:15 |    9552 |    6058 |  38.8 |      24 |       9 |  27.3
     Lair:1 |    4499 |     794 |  15.0 |      22 |       1 |   4.3
     Lair:2 |    7582 |    1099 |  12.7 |      35 |       2 |   5.4
     Lair:3 |    6164 |    3834 |  38.3 |      26 |      14 |  35.0
     Lair:4 |   10380 |    1457 |  12.3 |      32 |       4 |  11.1
     Lair:5 |   14632 |   11375 |  43.7 |      41 |      26 |  38.8
   Spider:1 |    7200 |    2237 |  23.7 |      16 |       9 |  36.0
      Orc:1 |    1464 |       0 |   0.0 |      21 |       0 |   0.0
      Orc:2 |    2135 |    4282 |  66.7 |      21 |      39 |  65.0
     Bailey |       0 |    2634 | 100.0 |       0 |      34 | 100.0
    Volcano |       0 |    1799 | 100.0 |       0 |      12 | 100.0
            +---------+---------+-------+---------+---------+-------

Skill      XL: |  1  2  3  4  5  6  7  8  9 10 11 12 13 14 15 |
---------------+----------------------------------------------+-----
Short Blades   | 1 2 3 4 5 7 8 9 11 12 14 15 | 15.5
Stealth        | 3 4 5 6 7 8 9 10 11 12 | 12.5
Hexes          | 4 5 7 8 9 11 12 | 12.0
Ice Magic      | 1 2 3 4 |  4.4
Spellcasting   | 3 4 5 6 7 8 |  8.0
Invocations    | 4 6 8 10 | 10.2
Fighting       | 2 5 7 9 |  9.1
Dodging        | 2 5 6 8 |  8.6
Shields        | 2 |  2.5

Action                     |  1- 3 |  4- 6 |  7- 9 | 10-12 | 13-15 | 16-18 || total
---------------------------+-------+-------+-------+-------+-------+-------++-------
  Melee: Dagger            |   146 |   139 |   534 |   614 |  1374 |       ||  2807
         Punch             |     2 |     1 |     6 |     6 |    42 |       ||    57
         Quick blade       |       |       |       |       |   995 |   204 ||  1199
   Cast: Ensorcelled Hiber |     5 |    21 |   137 |   222 |   313 |    22 ||   720
         Confusing Touch   |       |     2 |     9 |    15 |    39 |     4 ||    69
         Dazzling Flash    |       |       |       |     1 |    10 |       ||    11
         Jinxbite          |       |       |       |       |     3 |       ||     3
 Invoke: Shadow Step       |       |       |       |     4 |     3 |       ||     7
         Shadow Form       |       |       |       |       |     2 |       ||     2
  Evoke: Wand              |       |     2 |     9 |     3 |    11 |       ||    25
    Use: Scroll            |     5 |     7 |     1 |    10 |     5 |     2 ||    30
         Potion            |       |     4 |     1 |     1 |     3 |       ||     9
   Stab: Sleeping          |    10 |    13 |    81 |   174 |   219 |     9 ||   506
         Paralysed         |       |     4 |     1 |       |       |       ||     5
         Confused          |       |       |     7 |    16 |    61 |     6 ||    90
         Invisible         |       |       |     4 |       |    70 |       ||    74
         Distracted        |       |       |       |       |     6 |       ||     6
         Petrified         |       |       |       |       |     9 |       ||     9
 Armour: Robe              |    71 |    58 |   195 |    52 |       |       ||   376
         Steam dragon scal |       |       |       |   220 |   764 |       ||   984
         Skin              |       |       |       |     5 |       |       ||     5
         Leather armour    |       |       |       |       |     1 |    92 ||    93
  Dodge: Dodged            |    89 |    93 |   274 |   335 |  1233 |    75 ||  2099
         Repelled          |       |       |       |       |     2 |       ||     2
  Block: Other             |    13 |    20 |    73 |    82 |   176 |       ||   364
         Buckler           |       |       |       |       |   154 |    64 ||   218

Illustrated notes

Table legend:
 A = Kills in this place as a percentage of kills in the entire game.
 B = Kills by you in this place as a percentage of kills by you in the entire game.
 C = Kills by friends in this place as a percentage of kills by friends in the entire game.
 D = Other kills in this place as a percentage of other kills in the entire game.
 E = Experience gained in this place as a percentage of experience gained in the entire game.
 F = Experience gained in this place divided by the number of levels of this place that you have seen.
                   A       B       C       D       E      F
               +-------+-------+-------+-------+-------+----------------------
         Total | 100.0 | 100.0 |   N/A | 100.0 | 100.0 | 6471.0
       Dungeon |  58.1 |  58.1 |   N/A |  57.1 |  48.3 | 5213.8
          Lair |  23.9 |  23.9 |   N/A |  28.6 |  38.2 | 12363.2
   Spider Nest |   2.9 |   2.9 |   N/A |  14.3 |   5.8 | 9437.0
  Orcish Mines |   9.6 |   9.6 |   N/A |   0.0 |   4.9 | 3940.5
        Bailey |   4.0 |   4.0 |   N/A |   0.0 |   1.6 | 2634.0
       Volcano |   1.4 |   1.4 |   N/A |   0.0 |   1.1 | 1799.0
               +-------+-------+-------+-------+-------+----------------------

Table legend: (Time is in decaauts)
 A = Elapsed time spent in this place.
 B = Non-inter-level travel time spent in this place.
 C = Inter-level travel time spent in this place.
 D = Time resting spent in this place.
 E = Time spent auto-exploring this place.
 F = Levels seen in this place.
 G = Mean time per level.
                   A        B        C        D        E       F      G
               +--------+--------+--------+--------+--------+-----+--------+
         Total |  26991 |  25435 |   1556 |   3468 |  15449 |  25 | 1079.6 |
       Dungeon |  18942 |  17858 |   1084 |   2915 |  10948 |  15 | 1262.8 |
          Lair |   5146 |   4842 |    304 |    192 |   2993 |   5 | 1029.2 |
   Spider Nest |    440 |    440 |      0 |     82 |    156 |   1 |  440.0 |
  Orcish Mines |   1366 |   1199 |    167 |      0 |    918 |   2 |  683.0 |
        Bailey |    762 |    762 |      0 |    158 |    392 |   1 |  762.0 |
       Volcano |    333 |    333 |      0 |    121 |     42 |   1 |  333.0 |
               +--------+--------+--------+--------+--------+-----+--------+

Top non-repeatable levels by time:
     D:6: 2525 daAuts
     D:5: 1758 daAuts
     D:7: 1658 daAuts
    D:13: 1602 daAuts
     D:3: 1471 daAuts
  Lair:5: 1365 daAuts
     D:9: 1290 daAuts
  Lair:3: 1178 daAuts
     D:8: 1156 daAuts
    D:14: 1115 daAuts
    D:12: 1105 daAuts
    D:15: 1090 daAuts
  Lair:2: 1027 daAuts
     D:4: 959 daAuts
    D:10: 959 daAuts
